 Dungeon Crawl Stone Soup version 0.17-a0-2093-gc772f4b (webtiles) character file.

3080 brucemayne the Cleaver (level 9, -3/124 HPs)
             Began as a Hill Orc Berserker on Oct 16, 2015.
             Was a Priest of Trog.
             Slain by derrpe's ghost (19 damage)
             ... on level 11 of the Dungeon.
             The game lasted 00:14:32 (2499 turns).

brucemayne the Cleaver (Hill Orc Berserker)         Turns: 2499, Time: 00:14:32

Health: -3/124     AC: 14    Str: 26    XL:     9   Next: 89%
Magic:  9/9        EV:  7    Int:  9    God:    Trog [***...]
Gold:   228        SH:  0    Dex: 10    Spells: 0 memorised, 8 levels left

rFire  . . .     SeeInvis .     x - +0 battleaxe
rCold  . . .     Clarity  .     p - +0 plate armour
rNeg   . . .     SustAt   .     (no shield)
rPois  .         Gourm    .     m - +1 helmet
rElec  .         Spirit   .     (no cloak)
rCorr  .         Warding  .     (no gloves)
rMut   .         Stasis   .     (no boots)
MR     ++...                    (no amulet)
Stlth  ..........               (no ring)
                                (no ring)

@: berserking (expiring), regenerating, very quick, very resistant to hostile
enchantments, extremely unstealthy
A: no striking features
a: Burn Spellbooks, Berserk, Trog's Hand, Renounce Religion


You were on level 11 of the Dungeon.
You worshipped Trog.
Trog was most pleased with you.
You were hungry.

You visited 2 branches of the dungeon, and saw 12 of its levels.

You collected 228 gold pieces.

Inventory:

Hand Weapons
 a - a +1 hand axe of freezing
 x - a +0 battleaxe (weapon)
Missiles
 t - 6 tomahawks (quivered)
Armour
 b - a +0 animal skin
 m - a +1 helmet (worn)
 n - a +0 leather armour
 p - a +0 plate armour (worn)
Wands
 q - a wand of fireball (8)
 s - a wand of random effects (30)
 v - a wand of random effects (4)
 E - a wand of flame (13)
Scrolls
 d - 2 scrolls of enchant armour
 g - 3 scrolls of identify
 j - a scroll of remove curse
 z - a scroll of vulnerability {unknown}
 F - a scroll of noise {unknown}
Potions
 e - a potion of cancellation {unknown}
 i - a potion of mutation {unknown}
 k - a potion of invisibility {unknown}
 o - 2 potions of lignification
 r - a potion of curing
 u - a potion of haste {unknown}
 A - a potion of poison {unknown}
 C - a potion of might {unknown}
Books
 l - a book of Callings

   Spells                             Type                      Level
   a - Summon Small Mammal            Summoning                    1
   b - Call Imp                       Summoning                    2
   c - Call Canine Familiar           Summoning                    3
   d - Summon Guardian Golem          Hexes/Summoning              3
   e - Summon Lightning Spire         Summoning/Air                4
   f - Summon Ice Beast               Ice/Summoning                4
   Trog disapproves of the use of such an item.
 y - a book of Debilitation

   Spells                             Type                      Level
   a - Corona                         Hexes                        1
   b - Slow                           Hexes                        2
   c - Gell's Gravitas                Hexes/Translocation          3
   d - Inner Flame                    Hexes/Fire                   3
   e - Cause Fear                     Hexes                        4
   f - Leda's Liquefaction            Hexes/Earth                  4
   Trog disapproves of the use of such an item.
 G - a book of Spatial Translocations

   Spells                             Type                      Level
   a - Apportation                    Translocation                1
   b - Blink                          Translocation                2
   c - Shroud of Golubria             Charms/Translocation         2
   d - Portal Projectile              Translocation                3
   e - Teleport Other                 Translocation                3
   f - Passage of Golubria            Translocation                4
   Trog disapproves of the use of such an item.
Comestibles
 c - 5 bread rations
 f - 2 royal jellies
 w - a meat ration
 B - a slice of pizza


   Skills:
 - Level 9.0 Fighting
 + Level 14.1 Axes
 - Level 4.4 Armour
 - Level 1.5 Dodging


You had 8 spell levels left.
You didn't know any spells.

Dungeon Overview and Level Annotations

Branches:
Dungeon (11/15)            Temple (1/1) D:6            Lair (0/8) D:10
    Orc (0/4) D:11

Altars:
Cheibriados
Dithmenos
Elyvilon
Fedhas
Makhleb
Okawaru
Qazlal
Ru
Xom
Yredelemnul
Zin
The Shining One

Shops:
D:7 :   D:9 =?[   D:11 [(

Portals:
Trove: D:11 (give 2 potions of cure mutation)

Annotations:
D:8 Grum
D:11 derrpe's ghost, journeyman TrMo


Message History

Derrpe's ghost hits you!!
Things that are here:
a trident; a ring mail You slice derrpe's ghost!!
Derrpe's ghost is moderately damaged.
Derrpe's ghost hits you!!
* * * LOW HITPOINT WARNING * * *
You barely miss derrpe's ghost.
Derrpe's ghost is moderately damaged.
Derrpe's ghost closely misses you.
You slash derrpe's ghost!
Derrpe's ghost is moderately damaged.
You slash derrpe's ghost!
Derrpe's ghost is heavily damaged.
Derrpe's ghost hits you!
* * * LOW HITPOINT WARNING * * *
You closely miss derrpe's ghost.
Derrpe's ghost is heavily damaged.
Derrpe's ghost hits you!!
You die...

.. ..# #.# #.# #.#
##### #.#
######......
####.#####W@..)...#
#..........######.#
#.##.####### #.#
##o## #%.#...######
#.........W.#
#..#...####.#
....##.## #.#


You could see derrpe's ghost.

Vanquished Creatures
  2 hill giants (D:11)
  The ghost of altaj the Covert, a novice OpAs of Nemelex Xobeh (D:5)
  2 wolves (D:7)
  Duvessa (D:7)
  2 ogres
  Blork the orc (D:5)
  A centaur (D:9)
  4 giant frogs
  2 big kobolds
  Dowan (D:7)
  3 scorpions
  4 crimson imps
  2 killer bees (D:10)
  A centaur skeleton (D:4)
  3 hounds
  An orc priest (D:4)
  An orc wizard (D:4)
  3 worker ants
  A killer bee zombie (D:9)
  Robin (D:4)
  2 adders
  A worm (D:4)
  4 adder skeletons
  2 giant geckos
  15 orcs
  3 ball pythons
  6 bats
  A giant cockroach (D:1)
  10 goblins
  8 hobgoblins
  12 kobolds
  3 giant newts
  A quokka (D:3)
  3 rats
  A fungus (D:6)
109 creatures vanquished.

Vanquished Creatures (others)
  A fungus (D:6)
  4 toadstools (D:1)
5 creatures vanquished.

Grand Total: 114 creatures vanquished

Notes
Turn   | Place    | Note
--------------------------------------------------------------
     0 | D:1      | brucemayne the Hill Orc Berserker began the quest for the Orb.
     0 | D:1      | Reached XP level 1. HP: 19/19 MP: 1/1
   114 | D:1      | Reached XP level 2. HP: 20/26 MP: 2/2
   156 | D:2      | Found a faded altar to an unknown god.
   223 | D:1      | Reached skill level 5 in Axes
   531 | D:4      | Reached XP level 3. HP: 14/31 MP: 3/3
   563 | D:4      | Noticed a scorpion
   574 | D:3      | HP: 1/31 [goblin/club[Robin] (1)]
   623 | D:3      | Reached ** piety under Trog
   623 | D:3      | Reached skill level 6 in Axes
   708 | D:4      | Noticed a scorpion
   739 | D:4      | Killed a scorpion
   739 | D:4      | Reached skill level 7 in Axes
   739 | D:4      | Reached XP level 4. HP: 22/39 MP: 4/4
   854 | D:4      | Noticed an ogre
   854 | D:4      | Found a shimmering altar of Xom.
  1028 | D:4      | Noticed Robin
  1033 | D:5      | Entered Level 5 of the Dungeon
  1038 | D:5      | Reached XP level 5. HP: 25/45 MP: 5/5
  1039 | D:5      | Killed an ogre
  1039 | D:5      | Reached skill level 8 in Axes
  1044 | D:5      | Reached XP level 6. HP: 24/51 MP: 6/6
  1059 | D:5      | Noticed altaj's ghost (novice OpAs)
  1064 | D:4      | Reached skill level 9 in Axes
  1091 | D:4      | Killed Robin
  1183 | D:4      | Killed a scorpion
  1315 | D:4      | Reached XP level 7. HP: 29/57 MP: 7/7
  1327 | D:5      | Killed altaj's ghost
  1327 | D:5      | Reached skill level 10 in Axes
  1460 | D:5      | Noticed Blork the orc
  1469 | D:5      | Killed Blork the orc
  1475 | D:5      | Reached XP level 8. HP: 50/67 MP: 8/8
  1534 | D:6      | Reached *** piety under Trog
  1557 | D:6      | Found a staircase to the Ecumenical Temple.
  1566 | Temple   | Entered the Ecumenical Temple
  1602 | D:6      | Found a blossoming altar of Fedhas.
  1667 | D:6      | Found a stormy altar of Qazlal.
  1683 | D:6      | Reached skill level 5 in Fighting
  1683 | D:6      | Reached skill level 11 in Axes
  1775 | D:7      | Found Xoduon's Book Shoppe.
  1783 | D:7      | Noticed Dowan
  1784 | D:7      | Noticed Duvessa
  1801 | D:7      | Killed Duvessa
  1802 | D:7      | Killed Dowan
  1901 | D:8      | Noticed Grum
  1976 | D:9      | Reached skill level 12 in Axes
  1995 | D:8      | Found a basalt altar of Yredelemnul.
  1995 | D:8      | Found a stormy altar of Qazlal.
  2025 | D:9      | Found Wiafeare's Jewellery Emporium.
  2045 | D:9      | Reached XP level 9. HP: 42/79 MP: 9/9
  2098 | D:9      | Found Gaeve's Antique Armour Emporium.
  2116 | D:10     | Entered Level 10 of the Dungeon
  2243 | D:9      | Found Lefon's Magic Scroll Emporium.
  2310 | D:10     | Found a staircase to the Lair.
  2406 | D:11     | Found a portal to a secret trove of treasure.
  2421 | D:11     | Noticed a hill giant
  2437 | D:11     | Killed a hill giant
  2437 | D:11     | Reached skill level 13 in Axes
  2461 | D:11     | Found a staircase to the Orcish Mines.
  2461 | D:11     | Found Renis's Weapon Shoppe.
  2461 | D:11     | Found Deddol's Armour Shoppe.
  2461 | D:11     | Noticed derrpe's ghost (journeyman TrMo)
  2485 | D:11     | Noticed a hill giant
  2491 | D:11     | Killed a hill giant
  2491 | D:11     | Reached skill level 14 in Axes
  2499 | D:11     | Slain by derrpe's ghost

Vault maps used:
D:1:      ldierk_walled_garden_2
D:2:      ecumenical_altar_2
D:4:      xom_confusion_cloud, uniq_robin
D:5:      first_bread, kennysheep_generic_room_14, uniq_blork_the_orc
D:6:      fedhas_altar_3, minmay_temple_entry_statues_fountains,
          grunt_qazlal_sundering
D:7:      serial_shops, shop_statue, grunt_ogre_cave, uniq_duvessa
D:8:      nicolae_overflow_hidden_temple, enter_ossuary_2, uniq_grum
D:9:      basic_altar, serial_shops, shop, nicolae_shop_crystal, shop,
          nicolae_shop_crystal, shop, grunt_ministairs_12,
          kennysheep_small_spiral
D:10:     lair_0_dummy
D:11:     orc_david_3, nicolae_trove_entry_free_sample, nrook_mini_backslash,
          serial_bayou_lake_a
Temple:   nicolae_temple_the_god_donut

Action                   |  1- 3 |  4- 6 |  7- 9 || total
-------------------------+-------+-------+-------++-------
Melee: Hand axe          |    93 |   117 |   227 ||   437
       Battleaxe         |       |       |    19 ||    19
Invok: Berserk           |     2 |     2 |     6 ||    10
       Trog's Hand       |     1 |     1 |     8 ||    10
  Use: Scroll            |       |     1 |     7 ||     8
       Potion            |       |       |     1 ||     1
  Eat: Chunk             |     1 |     3 |     7 ||    11
       Beef jerky        |       |     1 |     2 ||     3
